 Dungeon Crawl Stone Soup version 0.17.0-9-g801d43b (webtiles) character file.

231782 HungrySpirit the Fencer (level 18, -3/128 HPs)
             Began as a High Elf Assassin on Nov 9, 2015.
             Was a High Priest of Okawaru.
             Slain by a ghostly deep elf blademaster
             ... wielding a +0 rapier
              (7 damage)
             ... on level 3 of the Elven Halls on Nov 10, 2015.
             The game lasted 02:37:20 (57428 turns).

HungrySpirit the Fencer (High Elf Assassin)        Turns: 57428, Time: 02:37:20

Health: -3/128     AC: 11    Str: 26    XL:     18   Next: 80%
Magic:  0/28       EV: 36    Int: 10    God:    Okawaru [*****.]
Gold:   821        SH:  0    Dex: 28    Spells: 3 memorised, 10 levels left

rFire  + + .     SeeInvis +     Z - +6 great sword of the Whale {slice, Str+11 Int-4}
rCold  + . .     Clarity  .     P - +0 leather armour {rPois}
rNeg   + . .     SustAt   .     (shield currently unavailable)
rPois  +         Gourm    .     z - +0 hat {MR+}
rElec  .         Spirit   +     d - +1 cloak
rCorr  .         Warding  .     x - +1 pair of gloves of the Saviour {Stlth+}
rMut   .         Rnd*Tele +     a - +1 pair of boots "Iqiwuu" {rC+ rN+ MP+9}
MR     ++...                    D - amulet of guardian spirit
Stlth  ++++++++++               v - ring of stealth
                                n - ring of protection from fire

@: mighty, about to teleport, heroism, studying Dodging, very resistant to
hostile enchantments, uncannily stealthy
A: thin skeletal structure 1, see invisible, dopey 1, fire resistance 1, sense
surroundings 1, screaming 1, teleportitis 1, wild magic 1
a: Heroism, Finesse, Renounce Religion
}: 1/15 runes: gossamer


You were on level 3 of the Elven Halls.
You worshipped Okawaru.
Okawaru was extremely pleased with you.
You were not hungry.

You visited 7 branches of the dungeon, and saw 38 of its levels.
You visited the Abyss 2 times.
You also visited: Ice Cave.

You collected 3740 gold pieces.
You spent 2919 gold pieces at shops.

Inventory:

Hand Weapons
 G - the +7 short sword "Boruheup" {freeze, Str+3}
   (Okawaru gifted it to you on level 4 of the Lair of Beasts)

   It has been specially enchanted to freeze those struck by it, causing extra
   injury to most foes and up to half again as much damage against particularly
   susceptible opponents.
   It can also slow down cold-blooded creatures.
   It affects your strength (+3).
 Z - the +6 great sword of the Whale (weapon) {slice, Str+11 Int-4}
   (Okawaru gifted it to you on level 14 of the Dungeon)

   It inflicts extra damage upon your enemies.
   It affects your strength (+11).
   It affects your intelligence (-4).
Armour
 a - the +1 pair of boots "Iqiwuu" (worn) {rC+ rN+ MP+9}
   (Okawaru gifted it to you on level 1 of the Spider Nest)

   It protects you from cold.
   It protects you from negative energy.
   It affects your magic capacity (+9).
 d - a +1 cloak (worn)
 x - the +1 pair of gloves of the Saviour (worn) {Stlth+}
   (You bought it in a shop on level 1 of the Elven Halls)

   It makes you more stealthy.
 y - the +3 salamander hide armour {+Rage rF++}
   (You bought it in a shop on level 4 of the Orcish Mines)

   It greatly protects you from fire.
   It lets you go berserk.
 z - a +0 hat of magic resistance (worn)
 P - a +0 leather armour of poison resistance (worn)
 W - the +1 plate armour of Qanollar {Int+9 Dex-2 Slay+4}
   (Okawaru gifted it to you on level 2 of the Shoals)

   It affects your intelligence (+9).
   It affects your dexterity (-2).
   It affects your accuracy and damage with ranged weapons and melee attacks
   (+4).
 X - a +2 leather armour of cold resistance
Jewellery
 k - an uncursed ring of wizardry
 n - a ring of protection from fire (left hand)
 r - an uncursed ring of positive energy
 u - an uncursed ring of sustain attributes
 v - a ring of stealth (right hand)
 D - an amulet of guardian spirit (around neck)
 N - an uncursed amulet of clarity
 O - an uncursed ring of poison resistance
 S - an uncursed ring of protection from cold
 T - an uncursed ring of see invisible
Wands
 s - a wand of disintegration (9)
 t - a wand of draining (3)
 A - a wand of teleportation (2)
 F - a wand of teleportation (5)
Scrolls
 f - a scroll of holy word
 i - 2 scrolls of fog
 m - 5 scrolls of identify
 o - 10 scrolls of enchant armour
 p - 3 scrolls of noise
 q - 4 scrolls of magic mapping
 C - 13 scrolls of remove curse
 E - a scroll of blinking
 K - 7 scrolls of enchant weapon
 M - 8 scrolls of amnesia
Potions
 h - a potion of berserk rage
 j - a potion of resistance
 l - 15 potions of curing
 w - 6 potions of magic
 H - a potion of agility
 I - a potion of ambrosia
 L - 2 potions of might
 R - 8 potions of flight
 V - 3 potions of cancellation
 Y - 6 potions of haste
Books
 b - a book of Spatial Translocations

   Spells                             Type                      Level
   a - Apportation                    Translocation                1
   b - Blink                          Translocation                2
   c - Shroud of Golubria             Charms/Translocation         2
   d - Portal Projectile              Translocation                3
   e - Teleport Other                 Translocation                3
   f - Passage of Golubria            Translocation                4
 B - a book of the Warp

   Spells                             Type                      Level
   a - Recall                         Summoning/Translocation      3
   b - Gell's Gravitas                Hexes/Translocation          3
   c - Force Lance                    Conjuration/Translocation    4
   d - Phase Shift                    Translocation                5
   e - Warp Weapon                    Charms/Translocation         5
   f - Summon Forest                  Summoning/Translocation      5
 J - a manual of Dodging
 Q - a book of Dreams

   Spells                             Type                      Level
   a - Ensorcelled Hibernation        Hexes/Ice                    2
   b - Phase Shift                    Translocation                5
   c - Shadow Creatures               Summoning                    5
   d - Silence                        Hexes/Air                    5
   e - Darkness                       Hexes                        6
   f - Mass Confusion                 Hexes                        6
Comestibles
 c - 6 meat rations
 g - 11 bread rations


   Skills:
 - Level 13.0(18.0) Fighting
 - Level 8.7(20.9) Short Blades
 * Level 20.5(25.9) Long Blades
 - Level 2.0(7.0) Throwing
 + Level 5.9(10.9) Armour
 - Level 16.5(21.5) Dodging
 - Level 18.2(23.2) Stealth
 - Level 10.4 Hexes
 + Level 6.6 Translocations


You had 10 spell levels left.
You knew the following spells:

 Your Spells              Type           Power        Failure   Level  Hunger
a - Ensorcelled Hibernat  Hex/Ice        ###...       19%         2    ###....
b - Confuse               Hex            ####....     5%          3    ####...
c - Blink                 Tloc           N/A          11%         2    ###....


Dungeon Overview and Level Annotations

Branches:
Dungeon (15/15)            Temple (1/1) D:7            Lair (8/8) D:9
 Shoals (3/4) Lair:6       Spider (4/4) Lair:3        Slime (0/6) Lair:7
    Orc (4/4) D:11            Elf (3/3) Orc:4        Vaults (0/5) D:13
 Depths: D:15

Altars:
Ashenzari
Cheibriados
Dithmenos
Elyvilon
Fedhas
Gozag
Kikubaaqudgha
Makhleb
Nemelex Xobeh
Okawaru
Qazlal
Ru
Sif Muna
Trog
Vehumet
Xom
Yredelemnul
Zin
The Shining One
Jiyva

Shops:
D:4 *   D:13 =   Orc:3 *   Orc:4 ?*(}   Elf:1 *

Annotations:
D:6 1 runed door, exclusion: oklob plant
Lair:1 exclusion: downstairs
Shoals:1 exclusion: Roxanne, Roxanne
Elf:2 3 runed doors
Elf:3 1 exclusion


Innate Abilities, Weirdness & Mutations

You have a somewhat thin skeletal structure (Dex +2, Stealth).
You have supernaturally acute eyesight.
You are dopey. (Int -2)
Your flesh is heat resistant.
You passively map a small area around you.
You occasionally shout uncontrollably at your foes.
You are occasionally teleported to nearby monsters.
Your spells are a little harder to cast, but a little more powerful.


Message History

* * * LOW HITPOINT WARNING * * *
The deep elf blademaster closely misses you.
Read which item? (? for menu, Esc to quit)
As you read the scroll of teleportation, it crumbles to dust.
You feel strangely unstable.
The deep elf blademaster closely misses you. x2
The deep elf blademaster hits you with a rapier!
* * * LOW HITPOINT WARNING * * *
The deep elf blademaster completely misses you.
You slice the deep elf blademaster!!
Something assumes the form of the deep elf blademaster and becomes anchored to this world!
The ghostly deep elf blademaster hits you with a rapier!
* * * LOW HITPOINT WARNING * * *
The ghostly deep elf blademaster completely misses you.
Drink which item? (? for menu, Esc to quit)
You feel better.
The ghostly deep elf blademaster hits you with a rapier!!
* * * LOW HITPOINT WARNING * * *
The ghostly deep elf blademaster hits you with a rapier!
You die...

##....# **.. ##=}.(.#
*,. #|[:##'# **.
#/.##..#### *.
#.(#......####
#..'....⌠....#
##########.......
##e##..e..........
#@#...###.........
#######
###.#..e..........
#.....#
#.#######.......
#.....#
#.#..'....⌠....#
#.....#
#)#|}#......####
#.....# ###
#.#..##..#### #
#.....#######)#)..##'#
#
###'####.#....##.....#
# #.###..#..#####.)..#
#


You could see a ghostly deep elf blademaster.

Vanquished Creatures
  A lich (Abyss:1)
  Arachne (Spider:3)
  Jorgrun (Spider:4)
  A deep elf master archer (Elf:3)
  Kirke (Spider:1)
  The ghost of HaroldButt the Pandemonic, an adept HuMo of Makhleb (Spider:1)
  Donald (Spider:1)
  Maud (Lair:8)
  8 ghost moths
  4 emperor scorpions (Spider:4)
  4 deep elf sorcerers
  An orc warlord (Orc:4)
  10 deep elf demonologists
  A mottled draconian (Abyss:1)
  Azrael (Elf:1)
  4 deep elf annihilators (Elf:3)
  2 merfolk javelineers
  Snorg (Lair:8)
  2 merfolk impalers
  7 deep elf death magi
  2 vault guards (D:13)
  2 deep elf high priests (Elf:3)
  An ettin (Orc:4)
  2 entropy weavers
  Erolcha (D:8)
  Fannar (Orc:2)
  Harold (Lair:2)
  7 hydras
  A merfolk avatar (Shoals:1)
  A catoblepas (Lair:6)
  An ogre mage (D:15)
  2 centaur warriors
  A satyr (Shoals:2)
  An alligator snapping turtle (Shoals:1)
  2 dancing weapons (Elf:2)
  9 death yaks
  Urug (D:11)
  An orc high priest (Orc:4)
  5 deep elf knights
  An unseen horror (D:14)
  2 fire crabs
  5 sea snakes
  5 hill giants
  6 deep elf summoners
  The ghost of puimuR the Cleaver, a novice DsBe of Trog (D:11)
  An orc knight (D:13)
  18 deep elf conjurers
  9 harpies
  A moth of wrath (Spider:3)
  21 orb spiders
  4 ugly things
  5 cyclopes
  21 wolf spiders
  9 griffons
  2 hornets (Spider:4)
  A hornet (shapeshifter) (Elf:2)
  3 manticores
  8 orc sorcerers
  A water nymph (Shoals:2)
  A sixfirhy (Abyss:2)
  2 sirens
  2 manticores (shapeshifter)
  7 fauns
  Maurice (D:8)
  20 elephants
  5 black mambas
  A smoke demon (Abyss:3)
  2 torpor snails
  3 gargoyles
  17 spiny frogs
  10 komodo dragons
  2 fire drakes
  4 kobold demonologists (D:13)
  A queen bee (D:10)
  7 deep elf priests
  10 demonic crawlers
  7 merfolk
  7 polar bears
  4 red devils (Elf:2)
  Grinder (D:5)
  20 blink frogs
  Prince Ribbit (Lair:2)
  9 trolls
  A raiju (Lair:8)
  2 boulder beetles
  6 snapping turtles
  34 jumping spiders
  A two-headed ogre (shapeshifter) (Abyss:1)
  2 trapdoor spider zombies
  3 two-headed ogres (D:15)
  30 tarantellas
  36 redbacks
  Sigmund (D:2)
  31 yaks
  2 wyverns
  23 trapdoor spiders
  A wraith (D:10)
  2 shadows
  Eustachio (D:4)
  22 deep elf magi
  2 neqoxecs (Abyss:1)
  8 basilisks
  A chaos spawn (Abyss:2)
  4 fire elementals (Elf:1)
  5 hogs (Spider:1)
  A vampire mosquito (D:13)
  23 wolves
  A hungry ghost (D:11)
  3 mottled dragons
  A human (shapeshifter) (Abyss:3)
  14 deep elf fighters
  11 wargs
  14 hippogriffs
  7 hell hounds
  2 small abominations (Abyss:1)
  2 soldier ants
  7 sky beasts
  4 phantoms
  22 water moccasins
  25 orc warriors
  13 porcupines
  6 wasps
  14 black bears
  42 spiders
  3 eyes of draining
  21 centaurs
  9 ice beasts
  17 ogres
  15 crocodiles
  6 big kobolds
  3 wyvern skeletons
  25 giant frogs
  A gnoll sergeant (D:5)
  A water moccasin zombie (D:5)
  6 scorpions
  28 killer bees
  7 wights
  7 crimson imps
  10 electric eels
  3 giant frog zombies
  4 giant frog skeletons
  2 jellies
  49 orc wizards
  27 orc priests
  16 hounds
  6 centaur skeletons
  Terence (D:2)
  7 iguanas
  27 sheep
  2 killer bee zombies
  10 worker ants
  A hound skeleton (D:6)
  A hound zombie (D:8)
  A worker ant zombie (D:7)
  17 adders
  16 gnolls
  71 river rats
  6 shadow imps
  A white imp (Abyss:2)
  4 oozes
  An ufetubus (Abyss:1)
  An adder zombie (D:8)
  5 worms
  7 giant geckos
  145 orcs
  A ball python (D:3)
  11 bats
  5 giant cockroaches
  8 goblins
  7 hobgoblins
  10 jackals
  6 quokkas
  A giant gecko skeleton (D:4)
  7 giant newts
  A jackal skeleton (D:6)
  40 kobolds
  A quokka skeleton (D:5)
  9 rats
  2 fungi
  2 plants
  2 tentacles (Shoals:2)
1496 creatures vanquished.

Vanquished Creatures (collateral kills)
  A deep elf blademaster (Elf:3)
  A deep elf sorcerer (Elf:3)
2 creatures vanquished.

Vanquished Creatures (others)
  An unseen horror (D:13)
  A hill giant (D:13)
  An orb spider (Spider:2)
  A cyclops (D:13)
  A polar bear (Lair:8)
  A jumping spider (Spider:4)
  A deep elf mage (Elf:1)
  A vampire (D:13)
  A spider (Spider:4)
  A giant frog (D:13)
  A wight (D:13)
  A hound (Lair:8)
  A jelly (D:13)
  2 ufetubi (IceCv)
  44 fungi
  33 plants
  8 tentacles (Shoals:2)
  532 tentacle segments (Shoals:2)
632 creatures vanquished.

Grand Total: 2130 creatures vanquished

Notes
Turn   | Place    | Note
--------------------------------------------------------------
     0 | D:1      | HungrySpirit the High Elf Assassin began the quest for the Orb.
     0 | D:1      | Reached XP level 1. HP: 14/14 MP: 2/2
   288 | D:1      | Reached XP level 2. HP: 19/19 MP: 3/3
  1077 | D:2      | Noticed Terence
  1134 | D:2      | Reached XP level 3. HP: 13/25 MP: 4/4
  1326 | D:2      | Killed Terence
  1435 | D:2      | Reached XP level 4. HP: 30/30 MP: 5/5
  1465 | D:2      | Reached skill level 5 in Stealth
  1637 | D:2      | Found a sacrificial altar of Ru.
  2119 | D:2      | Noticed Sigmund
  2133 | D:2      | Killed Sigmund
  2133 | D:2      | Reached skill level 5 in Short Blades
  2133 | D:2      | Reached XP level 5. HP: 34/36 MP: 6/6
  2362 | D:2      | Reached XP level 6. HP: 42/42 MP: 7/7
  2639 | D:3      | Found a shattered altar of Ashenzari.
  2953 | D:3      | Found a burning altar of Makhleb.
  3569 | D:3      | Found a stormy altar of Qazlal.
  3569 | D:3      | Found a shadowy altar of Dithmenos.
  3570 | D:3      | Found an ancient bone altar of Kikubaaqudgha.
  3572 | D:3      | Found a bloodstained altar of Trog.
  3576 | D:3      | Found an opulent altar of Gozag.
  3702 | D:4      | Got a transparent spear
  3703 | D:4      | Identified the cursed +1 spear "Gyetus" {venom, Str+4 Stlth+} (You found it on level 4 of the Dungeon)
  3856 | D:4      | Noticed Eustachio
  3866 | D:4      | Killed Eustachio
  3866 | D:4      | Reached skill level 6 in Short Blades
  3866 | D:4      | Reached XP level 7. HP: 45/47 MP: 8/8
  4609 | D:4      | Found Afupp's General Store.
  4670 | D:4      | Bought a scroll of remove curse for 39 gold pieces
  4670 | D:4      | Bought a potion of curing for 39 gold pieces
  5016 | D:5      | Entered Level 5 of the Dungeon
  5333 | D:5      | Reached skill level 7 in Short Blades
  5739 | D:4      | Reached XP level 8. HP: 38/54 MP: 9/9
  5743 | D:4      | Gained mutation: You have supernaturally acute eyesight. [mutagenic meat]
  5744 | D:4      | Gained mutation: Your body sometimes deteriorates upon taking damage. [mutagenic meat]
  5745 | D:4      | Gained mutation: Your flesh is heat resistant. [mutagenic meat]
  5746 | D:4      | Gained mutation: You have large cloven feet. [mutagenic meat]
  5797 | D:4      | Gained mutation: You are occasionally teleported to nearby monsters. [mutagenic meat]
  5798 | D:4      | Gained mutation: You are dopey. (Int -2) [mutagenic meat]
  5979 | D:5      | Reached skill level 5 in Dodging
  6043 | D:5      | Noticed Grinder
  6067 | D:5      | Reached skill level 5 in Fighting
  6086 | D:5      | Killed Grinder
  6086 | D:5      | Reached skill level 8 in Short Blades
  6527 | D:6      | Found a runed door.
  6533 | D:6      | Found a basalt altar of Yredelemnul.
  7131 | D:6      | Found a white marble altar of Elyvilon.
  7142 | D:6      | Reached XP level 9. HP: 60/62 MP: 10/10
  7370 | D:6      | Reached skill level 1 in Long Blades
  7614 | D:6      | Found a blossoming altar of Fedhas.
  7627 | D:6      | Noticed an oklob plant
  8289 | D:7      | Found a staircase to the Ecumenical Temple.
  9027 | Temple   | Entered the Ecumenical Temple
  9033 | Temple   | Became a worshipper of Warmaster Okawaru
  9377 | D:8      | Found a radiant altar of Vehumet.
  9398 | D:8      | Noticed Maurice
  9409 | D:8      | Killed Maurice
  9409 | D:8      | Reached skill level 9 in Stealth
  9419 | D:8      | Noticed Erolcha
  9425 | D:8      | Killed Erolcha
  9425 | D:8      | Reached * piety under Okawaru
  9425 | D:8      | Reached skill level 5 in Long Blades
  9425 | D:8      | Reached XP level 10. HP: 69/71 MP: 11/11
 10294 | D:9      | Reached ** piety under Okawaru
 10400 | D:9      | Found a staircase to the Lair.
 10656 | D:9      | Reached skill level 10 in Stealth
 11658 | D:8      | Reached *** piety under Okawaru
 11911 | D:10     | Entered Level 10 of the Dungeon
 11997 | D:10     | Noticed a hill giant
 12151 | Lair:1   | Entered Level 1 of the Lair of Beasts
 12247 | D:9      | Reached **** piety under Okawaru
 12343 | Lair:1   | Reached XP level 11. HP: 78/78 MP: 12/12
 12532 | Lair:1   | Noticed a four-headed hydra
 12680 | Lair:1   | Lost mutation: You have large cloven feet. [potion of cure mutation]
 12680 | Lair:1   | Lost mutation: Your body sometimes deteriorates upon taking damage. [potion of cure mutation]
 12734 | Lair:1   | Reached skill level 11 in Stealth
 12786 | Lair:1   | Reached ***** piety under Okawaru
 13387 | Lair:1   | Noticed a black mamba
 13400 | Lair:1   | Killed a black mamba
 13542 | Lair:1   | Killed a four-headed hydra
 13633 | Lair:2   | Noticed Harold
 13847 | Lair:2   | Noticed a seven-headed hydra
 13878 | Lair:2   | Noticed a seven-headed hydra
 14217 | Lair:2   | Killed Harold
 14217 | Lair:2   | Reached skill level 10 in Dodging
 14222 | Lair:2   | Noticed Prince Ribbit
 14888 | Lair:3   | Received a gift from Okawaru
 15414 | Lair:3   | Found a hole to the Spider Nest.
 15430 | Lair:3   | Reached skill level 12 in Stealth
 15486 | Lair:3   | Reached XP level 12. HP: 23/87 MP: 5/13
 15957 | Lair:3   | Reached skill level 10 in Fighting
 16162 | Lair:3   | Reached ****** piety under Okawaru
 16338 | Lair:3   | Reached skill level 10 in Long Blades
 16881 | Lair:4   | Received a gift from Okawaru
 18321 | Lair:4   | Received a gift from Okawaru
 18327 | Lair:4   | Got a smoking short sword {god gift}
 18328 | Lair:4   | Identified the +7 short sword "Boruheup" {freeze, Str+3} (Okawaru gifted it to you on level 4 of the Lair of Beasts)
 18504 | Lair:4   | Reached skill level 13 in Stealth
 18956 | Lair:5   | Found a frozen archway.
 19110 | IceCv    | Entered an ice cave
 19439 | Lair:5   | Reached XP level 13. HP: 68/95 MP: 11/14
 19527 | Lair:5   | Noticed a four-headed hydra
 19535 | Lair:5   | Killed a four-headed hydra
 19770 | Lair:5   | Received a gift from Okawaru
 20040 | Lair:5   | Noticed an eight-headed hydra
 20062 | Lair:5   | Killed an eight-headed hydra
 21288 | Lair:6   | Found a staircase to the Shoals.
 21488 | Lair:6   | Reached skill level 14 in Stealth
 23268 | Lair:7   | Found a viscous altar of Jiyva.
 23268 | Lair:7   | Found a staircase to the Slime Pits.
 24260 | Lair:7   | Received a gift from Okawaru
 24920 | Lair:7   | Reached XP level 14. HP: 77/103 MP: 8/15
 25075 | Lair:8   | Entered Level 8 of the Lair of Beasts
 26166 | Lair:8   | Noticed Maud
 26168 | Lair:8   | Killed Maud
 26231 | Lair:8   | Reached skill level 15 in Stealth
 26556 | Lair:8   | Received a gift from Okawaru
 26803 | Lair:8   | Noticed Snorg
 26838 | Lair:8   | Killed Snorg
 27866 | Lair:2   | Killed a seven-headed hydra
 27924 | Lair:2   | Killed Prince Ribbit
 28041 | Lair:2   | Killed an eight-headed hydra
 28363 | Lair:2   | Learned a level 2 spell: Ensorcelled Hibernation
 28530 | D:10     | Learned a level 3 spell: Confuse
 28555 | D:10     | Killed a hill giant
 28659 | D:10     | Reached skill level 1 in Hexes
 29079 | D:10     | Noticed a hill giant
 29089 | D:10     | Killed a hill giant
 29228 | D:11     | Noticed Urug
 29247 | D:11     | Killed Urug
 29466 | D:11     | Noticed puimuR's ghost (novice DsBe)
 29512 | D:11     | Killed puimuR's ghost
 29512 | D:11     | Received a gift from Okawaru
 29773 | D:11     | Found a shimmering altar of Xom.
 29928 | D:11     | Found a staircase to the Orcish Mines.
 30196 | Orc:1    | Entered Level 1 of the Orcish Mines
 30601 | Orc:2    | Reached XP level 15. HP: 73/110 MP: 10/16
 30943 | Orc:1    | Noticed Fannar
 30982 | Orc:2    | Killed Fannar
 31324 | Orc:3    | Found Jeiskaoh's General Store.
 31331 | Orc:3    | Found a burning altar of Makhleb.
 31831 | Orc:3    | Bought a scroll of acquirement for 676 gold pieces
 32045 | Orc:4    | Entered Level 4 of the Orcish Mines
 32050 | Orc:4    | Found a staircase to the Elven Halls.
 32088 | Orc:4    | Found a radiant altar of Vehumet.
 32929 | Orc:4    | Found Sussizit's Gadget Boutique.
 32929 | Orc:4    | Found Wonubic's Magic Scroll Shop.
 32929 | Orc:4    | Found Legaqewk's Weapon Boutique.
 32929 | Orc:4    | Found Wociseme's General Store.
 32930 | Orc:4    | Bought a wand of teleportation (3) for 252 gold pieces
 33635 | Orc:4    | Reached skill level 5 in Hexes
 33645 | Orc:4    | Bought the +3 salamander hide armour {+Rage rF++} for 585 gold pieces
 33645 | Orc:4    | Bought a scroll of identify for 26 gold pieces
 33645 | Orc:4    | Bought a scroll of enchant weapon for 97 gold pieces
 33654 | Orc:4    | Bought a scroll of summoning for 171 gold pieces
 33654 | Orc:4    | Bought a scroll of identify for 36 gold pieces
 33654 | Orc:4    | Bought a scroll of identify for 36 gold pieces
 33654 | Orc:4    | Bought a scroll of magic mapping for 63 gold pieces
 33654 | Orc:4    | Bought a scroll of remove curse for 54 gold pieces
 33654 | Orc:4    | Bought 3 scrolls of identify for 108 gold pieces
 34143 | D:12     | Reached skill level 16 in Stealth
 34675 | D:13     | Found a shimmering altar of Xom.
 35421 | D:13     | Found Nerod's Jewellery Shoppe.
 36106 | D:13     | Found a gate to the Vaults.
 36258 | D:14     | Received a gift from Okawaru
 36286 | D:14     | Got a jewelled great sword {god gift}
 36287 | D:14     | Identified the +6 great sword of the Whale {slice, Str+11 Int-4} (Okawaru gifted it to you on level 14 of the Dungeon)
 37034 | D:14     | Reached skill level 15 in Long Blades
 37191 | D:15     | Entered Level 15 of the Dungeon
 38533 | Spider:1 | Entered Level 1 of the Spider Nest
 38849 | Spider:1 | Noticed HaroldButt's ghost (adept HuMo)
 38873 | Spider:1 | Killed HaroldButt's ghost
 39442 | Spider:1 | Noticed Kirke
 39502 | Spider:1 | Noticed a sphinx
 39825 | Spider:1 | Killed Kirke
 39825 | Spider:1 | Reached skill level 15 in Dodging
 40618 | Spider:1 | Reached XP level 16. HP: 87/117 MP: 15/17
 40770 | Spider:1 | Received a gift from Okawaru
 40773 | Spider:1 | Got a pair of twisted boots {god gift}
 40774 | Spider:1 | Identified the +1 pair of boots "Iqiwuu" {rC+ rN+ MP+9} (Okawaru gifted it to you on level 1 of the Spider Nest)
 41495 | Spider:2 | Noticed Donald
 41578 | Spider:1 | Killed Donald
 43832 | Spider:3 | Reached skill level 17 in Stealth
 44423 | Spider:3 | Noticed Arachne
 44442 | Spider:3 | Killed Arachne
 44913 | Spider:4 | Entered Level 4 of the Spider Nest
 45112 | Spider:4 | Received a gift from Okawaru
 45475 | Spider:4 | Noticed Jorgrun
 45514 | Spider:4 | Killed Jorgrun
 45514 | Spider:4 | Received a gift from Okawaru
 46450 | Spider:3 | Received a gift from Okawaru
 47157 | Spider:2 | Received a gift from Okawaru
 47196 | Spider:3 | Reached XP level 17. HP: 106/122 MP: 6/18
 47394 | Spider:4 | Gained mutation: You occasionally shout uncontrollably at your foes. [mutagenic meat]
 47410 | Spider:3 | Gained mutation: You have a somewhat thin skeletal structure (Dex +2, Stealth). [mutagenic meat]
 47411 | Spider:3 | Gained mutation: You passively map a small area around you. [mutagenic meat]
 47412 | Spider:3 | Gained mutation: Your spells are a little harder to cast, but a little more powerful. [mutagenic meat]
 48314 | Spider:4 | Received a gift from Okawaru
 48320 | Spider:4 | Got a gossamer rune of Zot
 48508 | Spider:4 | Reached skill level 18 in Long Blades
 48712 | Shoals:1 | Entered Level 1 of the Shoals
 49099 | Shoals:1 | Noticed Roxanne
 49181 | Shoals:1 | Reached skill level 10 in Hexes
 51141 | Shoals:2 | Received a gift from Okawaru
 51144 | Shoals:2 | Got a brightly glowing plate armour {god gift}
 51199 | Shoals:2 | Identified the +1 plate armour of Qanollar {Int+9 Dex-2 Slay+4} (Okawaru gifted it to you on level 2 of the Shoals)
 51610 | Shoals:2 | Reached skill level 1 in Armour
 52223 | Elf:1    | Entered Level 1 of the Elven Halls
 52314 | Elf:1    | Noticed Azrael
 52825 | Elf:1    | Found Tocria's Assorted Antiques.
 52841 | Elf:1    | Bought a pair of ancient gloves for 237 gold pieces
 52844 | Elf:1    | Identified the +1 pair of gloves of the Saviour {Stlth+} (You bought it in a shop on level 1 of the Elven Halls)
 52856 | Elf:1    | Bought a lumpy cameo amulet for 125 gold pieces
 52874 | Elf:1    | Bought a papyrus book for 375 gold pieces
 52877 | Elf:1    | Learned a level 2 spell: Blink
 53120 | Elf:1    | Reached skill level 19 in Long Blades
 53385 | Elf:1    | Reached skill level 1 in Translocations
 53396 | Elf:1    | Killed Azrael
 53414 | Elf:1    | Reached XP level 18. HP: 38/128 MP: 11/19
 54631 | Elf:2    | Found a runed gate.
 54631 | Elf:2    | Found a runed gate.
 54635 | Elf:2    | Found a runed gate.
 54750 | Elf:3    | Entered Level 3 of the Elven Halls
 55407 | Elf:3    | Received a gift from Okawaru
 55828 | Elf:3    | Received a gift from Okawaru
 55924 | Elf:3    | Reached skill level 5 in Armour
 56046 | Elf:3    | Cast into the Abyss (a deep elf demonologist)
 56455 | Abyss:2  | Reached skill level 5 in Translocations
 56532 | Abyss:2  | Got a scorched scale mail
 56558 | Abyss:2  | Identified the +2 scale mail of Reorra {rF+} (You found it on level 2 of the Abyss)
 56661 | Elf:3    | Escaped the Abyss
 56679 | Elf:3    | Reached skill level 20 in Long Blades
 56717 | Elf:3    | Cast into the Abyss (a deep elf sorcerer)
 56809 | Abyss:1  | Noticed a lich
 56819 | Abyss:1  | Killed a lich
 56824 | Abyss:1  | Noticed a bone dragon
 56845 | Abyss:1  | Found a corrupted altar of Lugonu.
 56854 | Abyss:1  | Noticed a lich
 56856 | Abyss:1  | Noticed a Brimstone Fiend
 56857 | Elf:3    | Escaped the Abyss
 56875 | Elf:3    | Received a gift from Okawaru
 56973 | Elf:3    | Got a fine amber ring
 56973 | Elf:3    | Got a scorched graven amulet
 57115 | Elf:3    | Received a gift from Okawaru
 57187 | Elf:3    | Identified the amulet "Coacof" {Faith +Blink MR- SInv} (You took it off a deep elf mage on level 3 of the Elven Halls)
 57188 | Elf:3    | Identified the ring "Zuss" {+/*Tele rC+ Int-4 SInv Stlth+} (You took it off a deep elf death mage on level 3 of the Elven Halls)
 57316 | Elf:3    | Identified Cakup's Guide on Damaging Heat
 57428 | Elf:3    | HP: 4/128 [ghostly deep elf blademaster/rapier (20)]
 57428 | Elf:3    | Slain by a ghostly deep elf blademaster

Action                   |  1- 3 |  4- 6 |  7- 9 | 10-12 | 13-15 | 16-18 || total
-------------------------+-------+-------+-------+-------+-------+-------++-------
Melee: Dagger            |    88 |   217 |   604 |   505 |       |       ||  1414
       Falchion          |       |       |    60 |   820 |   563 |       ||  1443
       Short sword       |       |       |       |    63 |  2590 |    61 ||  2714
       Great sword       |       |       |       |       |    32 |  1528 ||  1560
 Fire: Blowgun           |    14 |    24 |    41 |    40 |       |       ||   119
 Cast: Confuse           |       |       |       |       |     5 |    24 ||    29
Invok: Heroism           |       |       |       |     3 |    39 |    33 ||    75
       Finesse           |       |       |       |       |     3 |     1 ||     4
Evoke: Wand              |       |       |       |     6 |    22 |     5 ||    33
  Use: Scroll            |       |     1 |     9 |    22 |    24 |    30 ||    86
       Potion            |       |     1 |     7 |     3 |     2 |    17 ||    30
 Stab: Sleeping          |    11 |    15 |    26 |    45 |    89 |    35 ||   221
       Distracted        |     1 |     2 |     3 |     6 |    29 |    26 ||    67
       Confused          |       |       |       |     2 |     1 |     5 ||     8
  Eat: Chunk             |     2 |     7 |    20 |    27 |    40 |    18 ||   114
       Fruit             |       |       |     4 |       |    20 |     3 ||    27
       Pizza             |       |       |     1 |       |       |     3 ||     4
       Bread ration      |       |       |       |     1 |       |     2 ||     3
       Beef jerky        |       |       |       |     1 |     5 |    14 ||    20
       Royal jelly       |       |       |       |       |     4 |     3 ||     7
       Meat ration       |       |       |       |       |     1 |     1 ||     2
